AoeStats
← ZamSerg

Lombardia

507917169Analyzed
4v4 RM · 11d ago on Sep 20, 2026· 10m 59s· 8 players
Game mode
Random Map
Map size
Large (8 player)
Population
200
Speed
Normal
Resources
Standard
Victory
Conquest
Starting age
Dark Age
Ending age
Imperial Age
RankedLock teamsTeams togetherTeam positionsShared explorationLock speedFull tech treeHidden civsTurbo modeCheats
Victory
Defeat
🇹🇼 Byzantines · Taiwan
1333
+12
🇮🇳 Magyars · India
1318
+12
🇨🇳 Poles · China
1295
+13
🇨🇳 Tatars · China
1285
+14
🇺🇸 Persians · United States
1265
-14
🇺🇸 Saracens · United States
1251
-13
🇷🇺 Burgundians · Russia
1224
-12
🇺🇸 Magyars · United States
1219
-12
Jack
7:09 Loom
VIKTORUU
3:14 Loom
9:29 Feudal Age
10:38 Double-Bit Axe
Dd
7:20 Loom
Amlan73
6:13 Loom
9:05 Feudal Age
9:44 Double-Bit Axe
HappyHalb
HP2025
bugg9
ZamSerg
Connection lost

Rejoining the realm…

Still unreachable

The connection could not be restored.

Session expired

The server has moved on; the page needs a fresh start.